 Dungeon Crawl Stone Soup version 0.26-a0-1161-g0398aca569 (webtiles) character file.

Game seed: 4998892516480899315

94 Roikka the Magician (level 4, 0/36 HPs)
             Began as a Draconian Hedge Wizard on Dec 26, 2020.
             Slain by a phantom (9 damage)
             ... on level 2 of the Dungeon.
             The game lasted 00:07:25 (2425 turns).

Roikka the Magician (Draconian Hedge Wizard)        Turns: 2425, Time: 00:07:26

Health: 0/36       AC:  6    Str: 12    XL:     4   Next: 38%
Magic:  0/9        EV: 12    Int: 16    God:
Gold:   125        SH:  0    Dex: 10    Spells: 1/10 levels left

rFire    . . .     SeeInvis .   i - +1 dagger (speed)
rCold    . . .     Faith    .   (no shield)
rNeg     . . .     Spirit   .   (armour unavailable)
rPois    .         Reflect  .   b - +0 hat
rElec    .         Harm     .   n - +0 cloak
rCorr    .         Rampage  .   (no gloves)
Will     .....                  (no boots)
Stlth    ++........             (no amulet)
HPRegen  0.12/turn              (no ring)
MPRegen  0.11/turn              (no ring)

@: no status effects
A: unfitting armour, cold-blooded, AC +5
a: no special abilities


You were on level 2 of the Dungeon.
You visited 1 branch of the dungeon, and saw 2 of its levels.

You collected 125 gold pieces.

Inventory:

Hand Weapons
 d - a +4 spear
 i - a +1 dagger of speed (weapon)
 l - a +0 dagger of venom
Armour
 b - a +0 hat (worn)
 n - a +0 cloak (worn)
Jewellery
 c - an uncursed amulet of faith {unknown}
Scrolls
 a - a scroll of teleportation
 e - a scroll of amnesia {unknown}
 g - a scroll of immolation {unknown}
 h - 2 scrolls of identify {unknown}
 j - 2 scrolls of remove curse {unknown}
 m - a scroll of blinking {unknown}
Potions
 f - a potion of haste {unknown}
 k - 2 potions of flight {unknown}
 o - 2 potions of attraction {unknown}


   Skills:
 + Level 2.0 Fighting
 - Level 1.7 Dodging
 - Level 1.7 Stealth
 + Level 3.5 Spellcasting
 * Level 3.1 Conjurations
 - Level 1.0 Summonings
 - Level 1.0 Translocations


You had one spell level left.
You knew the following spells:

 Your Spells              Type           Power        Failure   Level
a - Magic Dart            Conj           48%          4%          1
b - Call Imp              Summ           6%           19%         2
c - Conjure Flame         Conj/Fire      7%           28%         3
d - Mephitic Cloud        Conj/Pois/Air  6%           34%         3

Your spell library contained the following spells:

 Spells                   Type           Power        Failure   Level
 Blink                    Tloc           N/A          19%         2
 Slow                     Hex            2%           26%         2


Dungeon Overview and Level Annotations

Branches:
Dungeon (2/15)

Altars:


Innate Abilities, Weirdness & Mutations

Your plain brown scales are hard. (AC +5)
You cannot fit into any form of body armour.
You are cold-blooded and may be slowed by cold attacks.


Message History

The phantom is severely damaged.
You hit the phantom but do no damage.
Your tail-slap misses the phantom.
The phantom is severely damaged.
The phantom misses you.
You hit the phantom.
The phantom is almost destroyed.
The phantom blinks!
The phantom blinks!
Aiming: Magic Dart (safe; 4% risk of failure)
Press: ? - help, Q - select action, (/) - cycle Shift-Dir - straight line, f/p - phantom
Aim: a phantom (severely damaged, 0% to evade)
The magic dart hits the phantom but does no damage.
The phantom is severely damaged.
You are too injured to fight recklessly!
You closely miss the phantom.
The phantom is severely damaged.
You hit the phantom but do no damage.
The phantom is severely damaged.
The phantom hits you!
You die...

#.#..#.......#
#.#..#.#######
#.####.#
#....#.#
####.#.# #.#.#
#.#.# #W#.#
#.@.# #####


You could see a phantom.

Vanquished Creatures
  4 adders (D:2)
  An ooze (D:1)
  A worm (D:2)
  3 dart slugs
  3 leopard geckos
  3 ball pythons
  A giant cockroach (D:2)
  3 goblins
  3 hobgoblins
  2 jackals (D:2)
  5 kobolds
  3 bats
  4 frilled lizards
  8 rats
44 creatures vanquished.

Notes
Turn   | Place    | Note
-------+----------+-------------------------------------------
     0 | D:1      | Roikka the Draconian Hedge Wizard began the quest for the
                  | Orb.
     0 | D:1      | Reached XP level 1. HP: 14/14 MP: 4/4
    43 | D:1      | You fall into a shaft and drop 1 floor!
    55 | D:2      | Reached XP level 2. HP: 6/22 MP: 0/6
   279 | D:2      | Learned a level 2 spell: Call Imp
   346 | D:2      | Reached skill level 1 in Fighting
   694 | D:2      | Reached XP level 3. HP: 27/28 MP: 1/7
  1259 | D:2      | Learned a level 3 spell: Conjure Flame
  1495 | D:1      | Reached XP level 4. HP: 36/36 MP: 2/9
  1842 | D:1      | Learned a level 3 spell: Mephitic Cloud
  2324 | D:2      | Noticed a phantom
  2425 | D:2      | Slain by a phantom

Illustrated notes

Levels and vault maps discovered:
D:1:      dpeg_arrival_concentric_ovals, layout_loops_ring
D:2:      layout_basic

Skill      XL: |  1  2  3  4 |
---------------+-------------+-----
Fighting       | 1 2 |  2.0
Conjurations   | 2 3 |  3.1
Dodging        | |  1.7
Stealth        | |  1.7
Spellcasting   | |  3.5
Summonings     | |  1.0
Translocations | |  1.0

Action                   |  1- 3 |  4- 6 || total
-------------------------+-------+-------++-------
Melee: Dagger            |    71 |    71 ||   142
       Tailslap          |    14 |     7 ||    21
 Cast: Magic Dart        |    61 |    40 ||   101
  Use: Scroll            |       |     1 ||     1
 Stab: Sleeping          |       |     3 ||     3
Armor: Skin              |    29 |     9 ||    38
Dodge: Dodged            |    66 |    22 ||    88

Table legend: (Time is in decaauts)
 A = Elapsed time spent in this place.
 B = Non-inter-level travel time spent in this place.
 C = Inter-level travel time spent in this place.
 D = Time resting spent in this place.
 E = Time spent auto-exploring this place.
 F = Levels seen in this place.
 G = Mean time per level.
                   A        B        C        D        E       F      G
               +--------+--------+--------+--------+--------+-----+--------+
         Total |   2399 |   2226 |    173 |    941 |    850 |   2 | 1199.5 |
       Dungeon |   2399 |   2226 |    173 |    941 |    850 |   2 | 1199.5 |
               +--------+--------+--------+--------+--------+-----+--------+

Top non-repeatable levels by time:
     D:2: 1499 daAuts
     D:1: 900 daAuts
